 Dungeon Crawl Stone Soup version 0.17.1-2-g5865329 (webtiles) character file.

213 Mysteryquy the Digger (level 5, -2/28 HPs)
             Began as a Gargoyle Earth Elementalist on Feb 15, 2016.
             Slain by Blork the orc
             ... wielding a +3 scimitar
              (12 damage)
             ... on level 4 of the Dungeon.
             The game lasted 00:06:43 (3710 turns).

Mysteryquy the Digger (Gargoyle Earth Elementalist) Turns: 3710, Time: 00:06:43

Health: -2/28      AC:  9    Str: 11    XL:     5   Next: 90%
Magic:  5/10       EV: 12    Int: 17    God:
Gold:   164        SH:  0    Dex: 10    Spells: 2 memorised, 7 levels left

rFire  . . .     SeeInvis .     b - 145 stones
rCold  . . .     Clarity  .     a - +0 robe
rNeg   + . .     SustAt   .     (no shield)
rPois  ∞         Gourm    .     (no helmet)
rElec  +         Spirit   .     B - +2 cloak
rCorr  .         Warding  .     (no gloves)
rMut   .         Stasis   .     (no boots)
MR     .....                    (no amulet)
Stlth  ++........               (no ring)
                                (no ring)

@: not resistant to hostile enchantments, unstealthy
A: negative energy resistance 1, electricity resistance, unbreathing,
petrification resistance, rot immunity, AC +4
a: no special abilities


You were on level 4 of the Dungeon.
You were not hungry.

You visited 1 branch of the dungeon, and saw 4 of its levels.

You collected 164 gold pieces.

Inventory:

Hand Weapons
 q - a +3 quarterstaff of chaos
Missiles
 b - 145 stones (in hand)
Armour
 a - a +0 robe (worn)
 r - a +0 cloak
 B - a +2 cloak (worn)
Jewellery
 o - an uncursed amulet of resist mutation {unknown}
Scrolls
 e - a scroll of enchant weapon {unknown}
 h - 3 scrolls of amnesia {unknown}
 j - 2 scrolls of teleportation {unknown}
 l - 2 scrolls of fear {unknown}
 s - a scroll of blinking {unknown}
 t - 8 scrolls of identify {unknown}
 v - a scroll of fog {unknown}
 w - a scroll of remove curse {unknown}
Potions
 g - a potion of cancellation {unknown}
 i - a potion of invisibility {unknown}
 k - a potion of lignification {unknown}
 m - a potion of mutation {unknown}
 n - 2 potions of flight {unknown}
 p - 2 potions of curing {unknown}
 x - a potion of poison {unknown}
 z - 2 potions of might {unknown}
 C - a potion of heal wounds {unknown}
Books
 c - a book of Geomancy

   Spells                             Type                      Level
   a - Sandblast                      Earth                        1
   b - Stoneskin                      Transmutation/Earth          2
   c - Passwall                       Transmutation/Earth          3
   d - Stone Arrow                    Conjuration/Earth            3
   e - Petrify                        Transmutation/Earth          4
   f - Lee's Rapid Deconstruction     Earth                        5
 y - a book of Power

   Spells                             Type                      Level
   a - Fulminant Prism                Conjuration/Hexes            4
   b - Iskenderun's Mystic Blast      Conjuration                  4
   c - Venom Bolt                     Conjuration/Poison           5
   d - Bolt of Magma                  Conjuration/Fire/Earth       5
   e - Iron Shot                      Conjuration/Earth            6
   f - Orb of Destruction             Conjuration                  7
   g - Spellforged Servitor           Conjuration/Summoning        7
Comestibles
 d - 4 bread rations
 f - 2 meat rations
 u - a beef jerky
 A - a slice of pizza


   Skills:
 - Level 0.2 Fighting
 - Level 2.0 Dodging
 - Level 2.7 Stealth
 - Level 0.4 Unarmed Combat
 * Level 3.7 Spellcasting
 + Level 1.5 Conjurations
   Level 0.7 Transmutations
 + Level 5.2 Earth Magic


You had 7 spell levels left.
You knew the following spells:

 Your Spells              Type           Power        Failure   Level  Hunger
a - Sandblast             Erth           ###...       1%          1    None
b - Stone Arrow           Conj/Erth      ##....       14%         3    ###....


Dungeon Overview and Level Annotations

Branches:
Dungeon (4/15)
 Temple: D:4-7

Altars:
Ashenzari

Annotations:
D:4 Blork the orc


Innate Abilities, Weirdness & Mutations

You are resistant to torment.
Your stone body is resilient (AC +4).
You are immune to poison.
You resist negative energy.
You are resistant to electric shocks.
You can survive without breathing.
You are immune to petrification.
You are immune to rotting.


Message History

Blork the orc is nearby!
Casting: Sandblast
Confirm with . or Enter, or press ? or * to list all spells.
Aiming: Sandblast
Press: ? - help, Shift-Dir - straight line, f/p - Blork the orc
Aim: Blork the orc, wielding an enchanted scimitar and wearing an embroidered robe (moderately wounded, fast)
The rocky blast hits Blork the orc.
Blork the orc is heavily wounded.
Blork the orc hits you with an enchanted scimitar.
Blork the orc is nearby!
Casting: Sandblast
Confirm with . or Enter, or press ? or * to list all spells.
Aiming: Sandblast
Press: ? - help, Shift-Dir - straight line, f/p - Blork the orc
Aim: Blork the orc, wielding an enchanted scimitar and wearing an embroidered robe (heavily wounded, fast)
The rocky blast hits Blork the orc.
Blork the orc is severely wounded.
Blork the orc miscasts a cantrip.
Blork the orc hits you with an enchanted scimitar!
You die...

#### #..# ##..##
#....# #...@#
#### #...o# #..#
#....# ##..##
#....# ##.(..##
##...# #....).#
#...####......#
##...........>#
##....###......#
#....## ##....##


You could see Blork the orc.

Vanquished Creatures
  Crazy Yiuf (D:2)
  Jessica (D:2)
  An orc wizard (D:3)
  2 gnolls
  5 adders
  2 oozes
  2 worms
  4 giant geckos
  3 orcs (D:3)
  2 giant cockroaches
  9 hobgoblins
  4 quokkas (D:3)
  3 bats
  2 giant newts (D:1)
  8 goblins
  10 kobolds
  3 rats (D:1)
62 creatures vanquished.

Notes
Turn   | Place    | Note
--------------------------------------------------------------
     0 | D:1      | Mysteryquy the Gargoyle Earth Elementalist began the quest for the Orb.
     0 | D:1      | Reached XP level 1. HP: 10/10 MP: 3/3
     2 | D:1      | Noticed an electric eel
   351 | D:1      | Reached XP level 2. HP: 12/15 MP: 0/5
   611 | D:1      | Reached skill level 4 in Earth Magic
  1002 | D:2      | Noticed Jessica
  1066 | D:2      | Killed Jessica
  1066 | D:2      | Reached XP level 3. HP: 19/19 MP: 2/6
  1541 | D:2      | Noticed Crazy Yiuf
  1550 | D:2      | Killed Crazy Yiuf
  1550 | D:2      | Reached XP level 4. HP: 24/24 MP: 4/8
  1617 | D:2      | Found a shattered altar of Ashenzari.
  2376 | D:2      | Reached skill level 5 in Earth Magic
  2376 | D:2      | Reached XP level 5. HP: 28/28 MP: 4/9
  2550 | D:3      | Learned a level 3 spell: Stone Arrow
  3058 | D:3      | Reached skill level 1 in Conjurations
  3691 | D:4      | Noticed Blork the orc
  3692 | D:4      | Noticed an ogre
  3710 | D:4      | Slain by Blork the orc

Action                   |  1- 3 |  4- 6 || total
-------------------------+-------+-------++-------
Melee: Unarmed           |    25 |       ||    25
       Quarterstaff      |       |    20 ||    20
 Cast: Sandblast         |    48 |    93 ||   141
  Eat: Chunk             |     2 |     7 ||     9
